Map: Beckett Industries LE

Players

FkTrump

  • Race: Protoss Protoss
  • League: Platinum

ViBE - Winner!

  • Race: Terran Terran
  • League: Diamond

VOD

https://youtu.be/wKU4ZiU1fWM?t=21

Description

Time

  • Played on: April 7, 2021, 6:21 p.m.
  • Length: 11:41
Show
View Real Time Build Order
Export as new Build Order

FkTrump Protoss 

Build Orders: Carriers, Proxy Void Ray 

Get SALT Encoding   

  12  0:03  Probe  
  13  0:15  Probe  
  13  0:18  Pylon  
  14  0:27  Probe  
  15  0:39  Gateway, Probe (Chrono Boost)  
  16  0:45  Assimilator  
  17  0:51  Probe (Chrono Boost)  
  17  0:59  Pylon, Probe (Chrono Boost)  
  18  1:11  Probe (Chrono Boost)  
  19  1:12  Assimilator  
  19  1:21  Probe (Chrono Boost)  
  20  1:26  Probe (Chrono Boost)  
  20  1:28  Cybernetics Core  
  21  1:37  Probe  
  22  1:49  Probe  
  23  1:56  Pylon  
  23  2:01  Probe  
  23  2:03  Forge  
  23  2:07  Stargate  
  24  2:23  Shield Battery  
  24  2:25  Probe  
  25  2:42  Void Ray (Chrono Boost)  
  25  2:46  Pylon  
  29  2:57  Probe  
  30  3:01  Pylon  
  30  3:08  Shield Battery  
  30  3:09  Probe  
  30  3:11  Shield Battery  
  31  3:16  Photon Cannon, Void Ray  
  35  3:46  Nexus  
  35  3:59  Robotics Facility  
  35  4:03  Void Ray  
  39  4:10  Assimilator  
  39  4:20  Pylon  
  39  4:28  Pylon  
  39  4:30  Probe  
  40  4:43  Void Ray, Probe  
  41  4:46  Assimilator  
  41  4:47  Observer  
  46  4:55  Probe  
  47  5:04  Probe (Chrono Boost)  
  49  5:07  Probe (Chrono Boost)  
  49  5:17  Probe (Chrono Boost)  
  49  5:18  Probe (Chrono Boost)  
  51  5:23  Probe (Chrono Boost)  
  51  5:24  Probe (Chrono Boost)  
  53  5:29  Probe  
  53  5:30  Protoss Air Weapons Level 1  
  53  5:33  Fleet Beacon, Probe  
  55  5:41  Observer  
  55  5:42  Probe  
  56  5:45  Probe  
  56  5:47  Void Ray  
  57  5:53  Observer  
  57  5:54  Probe  
  62  5:57  Observer  
  62  5:59  Probe  
  64  6:06  Probe  
  65  6:22  Probe x2  
  67  6:33  Observer  
  67  6:34  Probe x2  
  70  6:43  Void Ray  
  70  6:50  Probe  
  75  7:03  Pylon  
  75  7:05  Pylon  
  75  7:08  Observer  
  75  7:13  Stargate  
  75  7:18  Stargate  
  75  7:20  Nexus  
  75  7:22  Pylon  
  75  7:30  Void Ray  
  79  7:39  Protoss Air Armor Level 1  
  79  7:50  Photon Cannon  
  79  7:51  Photon Cannon  
  79  7:56  Photon Cannon  
  79  7:57  Photon Cannon  
  79  7:58  Carrier  
  79  7:59  Shield Battery  
  79  8:01  Shield Battery  
  79  8:04  Shield Battery  
  85  8:15  Flux Vanes  
  85  8:17  Carrier  
  91  8:22  Carrier  
  97  8:35  Observer  
  97  8:37  Assimilator  
  98  8:41  Assimilator  
  98  8:57  Twilight Council  
  98  9:03  Carrier, Cybernetics Core  
  104  9:11  Robotics Bay  
  104  9:14  Pylon  
  104  9:16  Pylon  
  104  9:27  Carrier  
  110  9:37  Observer  
  110  9:43  Anion Pulse-Crystals  
  110  10:04  Nexus  
  106  10:22  Carrier  
  106  10:23  Carrier  
  117  10:36  Carrier  
Show
View Real Time Build Order
Export as new Build Order

ViBE Terran - Winner!

Build Orders:  

Get SALT Encoding   

  12  0:01  SCV  
  13  0:14  SCV  
  14  0:21  Supply Depot  
  14  0:26  SCV  
  15  0:43  SCV  
  15  0:45  Barracks  
  16  0:51  Refinery  
  16  0:55  SCV  
  17  1:07  SCV  
  18  1:19  SCV  
  19  1:32  Marine, Orbital Command  
  20  1:40  Command Center  
  20  1:51  Marine  
  20  1:52  Supply Depot  
  21  1:59  SCV  
  22  2:11  SCV  
  22  2:22  Barracks Reactor  
  22  2:23  SCV, Factory  
  23  2:35  SCV  
  23  2:36  Bunker  
  24  2:47  SCV  
  25  2:53  Orbital Command  
  25  2:58  Marine x2  
  27  2:59  SCV  
  28  3:08  Factory Tech Lab  
  28  3:11  SCV, Barracks  
  29  3:18  Marine x2  
  31  3:24  SCV x2, Refinery  
  36  3:27  Cyclone  
  36  3:36  SCV x2  
  36  3:37  Supply Depot  
  36  3:41  Marine x2  
  40  3:48  SCV x2  
  42  4:00  SCV, Starport  
  42  4:01  SCV, Barracks Tech Lab  
  44  4:08  Marine x2  
  46  4:11  Siege Tank  
  46  4:12  SCV  
  46  4:13  SCV  
  51  4:24  SCV, Supply Depot  
  51  4:25  SCV  
  53  4:32  Marine, Stimpack, Supply Depot  
  53  4:34  Marine x2  
  53  4:36  SCV  
  53  4:37  SCV  
  58  4:43  Command Center  
  58  4:46  Starport Reactor  
  58  4:48  SCV  
  58  4:49  SCV  
  60  4:55  Supply Depot  
  60  4:57  Marine x3  
  63  5:00  SCV  
  63  5:01  SCV  
  63  5:07  Refinery x2  
  65  5:12  SCV  
  65  5:13  SCV  
  67  5:18  Supply Depot  
  67  5:21  Siege Tank  
  67  5:22  Marine x3  
  67  5:25  SCV x2  
  75  5:37  SCV x2  
  75  5:38  Medivac x2  
  75  5:40  Marine x3, Supply Depot  
  84  5:49  SCV x2, Engineering Bay x2  
  86  5:57  Marine  
  86  5:58  Marine x2  
  86  6:01  SCV  
  86  6:02  SCV, Siege Tank  
  94  6:07  Orbital Command  
  94  6:15  Marine  
  95  6:26  Marine x2  
  95  6:27  Terran Infantry Weapons Level 1, Terran Infantry Armor Level 1  
  95  6:28  SCV x2  
  99  6:33  Marine  
  99  6:34  Barracks  
  99  6:35  Barracks  
  99  6:36  Barracks  
  99  6:37  Barracks  
  100  6:41  SCV x2  
  102  6:48  Armory  
  102  6:50  Marine x2  
  102  6:51  Marine  
  102  6:52  Medivac x2  
  109  6:54  SCV x2  
  109  6:57  Orbital Command  
  101  7:07  SCV x2  
  93  7:17  Marine x3  
  93  7:20  SCV x2  
  98  7:23  Command Center  
  98  7:26  SCV  
  98  7:28  Barracks Reactor x3  
  98  7:29  Barracks Reactor  
  99  7:32  SCV  
  99  7:33  SCV  
  99  7:35  Combat Shield  
  101  7:37  Marine  
  101  7:38  Marine x2, SCV  
  101  7:39  Medivac x2  
  101  7:44  Supply Depot x2  
  109  7:45  Supply Depot  
  110  7:51  SCV x3  
  110  7:55  Terran Vehicle Weapons Level 1  
  112  7:59  Refinery  
  112  8:00  Refinery  
  112  8:03  SCV x3  
  112  8:04  Marine  
  112  8:05  Marine x10  
  125  8:07  Thor  
  132  8:15  Command Center  
  132  8:22  SCV x3  
  135  8:30  Supply Depot  
  135  8:32  Marine x6, Supply Depot  
  135  8:33  Supply Depot  
  141  8:35  Supply Depot  
  141  8:41  Supply Depot  
  141  8:52  Marine x5  
  141  8:53  Marine  
  141  8:54  Marine x5  
  141  8:55  Thor  
  158  9:04  Supply Depot, Medivac x2  
  158  9:09  Marine x5  
  162  9:10  SCV x3  
  162  9:11  Marine  
  162  9:12  Marine x5  
  176  9:20  Barracks  
  176  9:22  Barracks  
  176  9:27  Marine x5  
  176  9:29  Marine x5  
  176  9:30  Planetary Fortress  
  186  9:32  SCV x3  
  186  9:37  Thor  
  195  9:45  Command Center  
  195  9:47  Marine x5  
  200  10:16  Barracks x2  
  200  10:17  Barracks  
  200  10:18  Barracks x2  
  200  10:20  Barracks  
  195  10:22  Marine  
  195  10:23  Marine x4  
  200  10:35  Factory, Barracks  
  200  10:36  Starport  
  192  10:49  Barracks  
  183  10:50  Barracks  
  183  10:51  Barracks  
  183  10:55  Thor  
  183  10:56  Marine, Medivac x2  
  191  10:57  Marine x9  
  194  11:05  Barracks Tech Lab x2  
  194  11:10  Barracks Tech Lab x2  
  189  11:13  Barracks Reactor  
  189  11:14  Barracks Reactor x2  
  189  11:15  Barracks Reactor  
  189  11:17  SCV  
  189  11:18  SCV x2  
  189  11:23  Starport Reactor  
  189  11:24  Factory Tech Lab  
  189  11:27  Barracks Reactor  
Tags
 
Add a new tag
Caveats
  • Supply blocks, unpowered buildings, or Contaminate may cause inaccurate times.
  • Supply counts are checked every 10 seconds.